 Dungeon Crawl Stone Soup version 0.27-a0-1456-gf5a116941d (webtiles) character file.

Game seed: 1095290175814907043

1680 nyamberluvr69 the Cleaver (level 9, -4/81 HPs)
             Began as a Ghoul Abyssal Knight on July 6, 2021.
             Was a Priest of Lugonu.
             Slain by an orc warrior (5 damage)
             ... on level 7 of the Dungeon.
             The game lasted 00:14:04 (9384 turns).

nyamberluvr69 the Cleaver (Ghoul Abyssal Knight)    Turns: 9384, Time: 00:14:04

Health: -4/81      AC:  9    Str: 19    XL:     9   Next: 2%
Magic:  8/9        EV:  6    Int:  7    God:    Lugonu [***...]
Gold:   254        SH:  2    Dex:  8    Spells: 8/8 levels left

rFire    . . .     SeeInvis .   v - +0 war axe
rCold    + . .     Faith    .   f - +0 buckler
rNeg     + + +     Spirit   .   e - +0 chain mail
rPois    ∞         Reflect  .   m - +0 helmet
rElec    .         Harm     .   (no cloak)
rCorr    .         Rampage  .   (no gloves)
Will     .....                  (no boots)
Stlth    ..........             (no amulet)
HPRegen  0.00/turn              (no ring)
MPRegen  0.11/turn              (no ring)

@: no status effects
A: claws 1, cold resistance 1, negative energy resistance 3, inhibited
regeneration, torment resistance 2
a: Renounce Religion, Depart the Abyss, Bend Space, Banish


You were on level 7 of the Dungeon.
You worshipped Lugonu.
Lugonu was most pleased with you.
You visited 1 branch of the dungeon, and saw 7 of its levels.
You visited the Abyss 2 times.

You collected 254 gold pieces.

Inventory:

Hand Weapons
 a - a +2 hand axe
 b - the +7 spear of Mandamus {protect, rElec rN+ Will+}
   (You found it on level 5 of the Dungeon)

   It grants its wielder temporary protection when it strikes (+7 to AC).
   rElec:     It insulates you from electricity.
   rN:        It protects you from negative energy.
   Will:      It increases your willpower.
 i - a +0 dagger of distortion
 v - a +0 war axe (weapon)
Missiles
 x - 2 boomerangs of dispersal
Armour
 e - a +0 chain mail (worn)
 f - a +0 buckler (worn)
 m - a +0 helmet (worn)
Jewellery
 d - a ring of ice
 u - a +6 ring of intelligence
Wands
 p - a wand of polymorph (6)
Scrolls
 c - a scroll of enchant armour {unknown}
 g - 2 scrolls of immolation {unknown}
 k - a scroll of magic mapping {unknown}
 l - a scroll of teleportation {unknown}
 q - 3 scrolls of amnesia {unknown}
 t - 2 scrolls of noise {unknown}
 w - 3 scrolls of blinking
Potions
 h - 2 potions of lignification
 j - 2 potions of curing
 n - a potion of heal wounds {unknown}
 o - a potion of mutation {unknown}
 r - 2 potions of flight


   Skills:
 + Level 7.8 Fighting
 * Level 8.5 Axes
 - Level 1.7 Armour
 - Level 0.8 Dodging
 - Level 2.0 Invocations


You had 8 spell levels left.
You didn't know any spells.
Your spell library contained the following spells:

 Spells                   Type           Power      Damage    Failure   Level
 Corona                   Hex            0%         N/A       100%        1
 Ensorcelled Hibernation  Hex/Ice        0%         N/A       100%        2
 Conjure Flame            Conj/Fire      0%         6-21      100%        3
 Frozen Ramparts          Ice            0%         1d2       100%        3
 Stone Arrow              Conj/Erth      0%         3d7       100%        3
 Tukima's Dance           Hex            0%         N/A       100%        3
 Summon Ice Beast         Ice/Summ       0%         N/A       100%        4
 Bolt of Magma            Conj/Fire/Erth 0%         4d4       100%        5
 Summon Hydra             Summ           0%         N/A       100%        7
 Summon Horrible Things   Summ           0%         N/A       100%        8
 Shatter                  Erth           0%         3d5*      100%        9
 Sublimation of Blood     Necr           Unusable   N/A       N/A         2
 Wereblood                Tmut           Unusable   N/A       N/A         2
 Ice Form                 Ice/Tmut       Unusable   N/A       N/A         4

Dungeon Overview and Level Annotations

Branches:
Dungeon (7/15)             Temple (0/1) D:6

Altars:
Dithmenos
Fedhas
Sif Muna
Zin

Shops:
D:1 =

Annotations:
D:5 2 transporters, Phlounder's ghost, novice DjVM


Innate Abilities, Weirdness & Mutations

You thrive by killing the living.
You are immune to poison.
You have sharp fingernails.
Your flesh is cold resistant. (rC+)
You are immune to negative energy. (rN+++)
You do not regenerate when monsters are visible.
You are immune to unholy pain and torment.


Message History

You block the orc's attack.
You hit the orc warrior.
The orc warrior is heavily wounded.
You hit the orc.
The orc warrior hits you with a +0 long sword!
The orc hits you with a +0 flail.
You closely miss the orc warrior.
The orc warrior is heavily wounded.
You barely miss the orc.
The orc warrior hits you with a +0 long sword!
The orc barely misses you.
The orc warrior hits you with a +0 long sword!
* * * LOW HITPOINT WARNING * * *
You hit the orc warrior.
The orc warrior is heavily wounded.
You barely miss the orc. The orc barely misses you.
The orc warrior hits you with a +0 long sword.
* * * LOW HITPOINT WARNING * * *
The orc hits you but does no damage.
There is a stone staircase leading up here.
Space bends around you!
You blink.
A skeletal warrior comes into view. It is wielding a +0 battleaxe.
You hit the orc warrior.
The orc warrior is heavily wounded.
You slash the orc!
You kill the orc!
Lugonu accepts your kill.
You can now banish your foes.
You feel better.
The orc warrior hits you with a +0 long sword.
* * * LOW HITPOINT WARNING * * *
You barely miss the orc warrior.
The orc warrior is heavily wounded.
The orc warrior hits you with a +0 long sword!
* * * LOW HITPOINT WARNING * * *
You hit the orc warrior but do no damage.
The orc warrior is heavily wounded.
The orc warrior hits you with a +0 long sword!
* * * LOW HITPOINT WARNING * * *
The orc warrior hits you with a +0 long sword.
You die...

.. ########.##
.........#
.##....$..#
..........#
≈≈≈≈≈≈)...#
#≈≈..).# ###
#≈≈.<..# ....
+≈≈.@o.#.....
+≈≈........#
+≈≈...z..###
#≈≈......#
#≈≈.......#
≈≈≈≈≈....#.....
......#####....
###### #.## .#


You could see a skeletal warrior and an orc warrior.

Vanquished Creatures
  A queen bee (D:6)
  Grinder (D:5)
  Menkaure (D:6)
  A black bear (D:5)
  An ogre (D:4)
  2 centaurs
  A water moccasin zombie (D:5)
  2 scorpions (D:4)
  2 water moccasin skeletons
  2 centaur zombies (D:5)
  A jelly (D:4)
  2 hounds
  2 orc priests
  3 centaur skeletons
  2 iguanas
  2 orc wizards (D:5)
  A hound skeleton (D:5)
  A howler monkey zombie (D:4)
  2 adders
  3 white imps
  2 worms (D:2)
  A dart slug (D:3)
  16 orcs
  11 ball pythons
  5 endoplasms
  5 giant cockroaches
  10 goblins
  10 hobgoblins
  11 kobolds
  4 quokkas
  3 bats
  3 frilled lizards
  8 rats
122 creatures vanquished.

Notes
Turn   | Place    | Note
-------+----------+-------------------------------------------
     0 | Abyss:1  | nyamberluvr69 the Ghoul Abyssal Knight began the quest for
                  | the Orb.
     0 | Abyss:1  | Reached XP level 1. HP: 19/19 MP: 1/1
   156 | Abyss:1  | Noticed an apocalypse crab
   160 | D:1      | Escaped the Abyss
   278 | D:1      | Reached skill level 2 in Axes
   369 | D:1      | Reached XP level 2. HP: 21/26 MP: 2/2
   522 | D:1      | Found Huusaeff's Jewellery Shop.
   571 | D:1      | Found a faded altar of an unknown god.
   814 | D:1      | Reached * piety under Lugonu
  1730 | D:2      | Reached XP level 3. HP: 30/33 MP: 3/3
  2164 | D:2      | Reached skill level 3 in Axes
  2368 | D:2      | You fall into a shaft and drop 1 floor!
  2472 | D:2      | Got Reoqotec's Disquisition on the Blaze and Creation
  2562 | D:2      | Reached XP level 4. HP: 37/40 MP: 4/4
  2959 | D:3      | Reached ** piety under Lugonu
  3753 | D:4      | Reached XP level 5. HP: 44/47 MP: 5/5
  3787 | D:4      | Reached skill level 4 in Axes
  4280 | D:4      | Reached skill level 5 in Fighting
  4280 | D:4      | Reached XP level 6. HP: 18/56 MP: 6/6
  4775 | D:5      | Entered Level 5 of the Dungeon
  4788 | D:4      | Reached skill level 5 in Axes
  5138 | D:5      | Cast into level 2 of the Abyss (orc wizard)
  5141 | D:5      | Escaped the Abyss
  5381 | D:5      | Reached XP level 7. HP: 47/61 MP: 7/7
  5393 | D:6      | Found a shadowy altar of Dithmenos.
  6003 | D:6      | Found a shimmering blue altar of Sif Muna.
  6057 | D:5      | Reached skill level 6 in Axes
  6369 | D:5      | Noticed Phlounder's ghost (novice DjVM)
  6383 | D:5      | Found a transporter.
  6385 | D:5      | Found a transporter.
  7400 | D:4      | Reached XP level 8. HP: 71/71 MP: 8/8
  7892 | D:5      | Reached skill level 7 in Axes
  7929 | D:5      | Identified the +7 spear of Mandamus {protect, rElec rN+
                  | Will+}
  8017 | D:6      | Noticed Grinder
  8038 | D:5      | Killed Grinder
  8224 | D:6      | Noticed Prince Ribbit
  8227 | D:6      | Noticed Prince Ribbit
  8227 | D:6      | Prince Ribbit changed into Prince Ribbit the harpy
  8401 | D:6      | Noticed Menkaure
  8548 | D:6      | Killed Menkaure
  8549 | D:6      | Reached skill level 8 in Axes
  8655 | D:6      | Found a staircase to the Ecumenical Temple.
  8696 | D:6      | Noticed Prince Ribbit
  8696 | D:6      | Prince Ribbit the harpy changed into Prince Ribbit the
                  | queen bee
  8712 | D:6      | Killed Prince Ribbit the queen bee
  9133 | D:6      | Reached XP level 9. HP: 71/81 MP: 9/9
  9175 | D:6      | Found a blossoming altar of Fedhas.
  9379 | D:7      | Noticed a skeletal warrior
  9381 | D:7      | Reached *** piety under Lugonu
  9383 | D:7      | HP: 1/81 [orc warrior (10)]
  9384 | D:7      | Slain by an orc warrior

Illustrated notes

Levels and vault maps discovered:
D:1:      giann_wishing_wells, layout_basic, serial_shops, nicolae_shop_crystal,
          hellmonk_ecumenical_altar_zigzags, roderic_lattice_a
D:2:      layout_basic
D:3:      layout_loops_ring, minmay_curled_crystal
D:4:      layout_loops_cross
D:5:      minmay_clustersquares, layout_loops_ring, gammafunk_ghost_hive,
          nrook_mini_backslash, eino_small_chamber_without_monster
D:6:      layout_cave_pools, fedhas_altar_4, nicolae_overflow_hidden_temple,
          minmay_temple_entry_waves, hangedman_decor_slide_cut, uniq_menkaure,
          uniq_grinder, uniq_prince_ribbit1
D:7:      wad_guarded_room, layout_loops_cross, enter_bailey_4,
          amcnicky_mini_corridor_feature

Skill      XL: |  1  2  3  4  5  6  7  8 |
---------------+-------------------------+-----
Axes           | 2 3 4 5 6 8 |  8.5
Fighting       | 4 5 6 7 |  7.8
Armour         | |  1.7
Dodging        | |  0.8
Invocations    | |  2.0

Action                   |  1- 3 |  4- 6 |  7- 9 || total
-------------------------+-------+-------+-------++-------
Melee: Hand axe          |   116 |   149 |       ||   265
       War axe           |       |    35 |   216 ||   251
Invok: Depart the Abyss  |     1 |     1 |       ||     2
       Bend Space        |       |       |     1 ||     1
Evoke: Wand              |       |       |     3 ||     3
  Use: Scroll            |     3 |       |     2 ||     5
       Potion            |       |     4 |     1 ||     5
Armor: Leather armour    |     5 |       |       ||     5
       Chain mail        |    50 |   119 |   159 ||   328
Dodge: Dodged            |    44 |    67 |    90 ||   201
Block: Buckler           |     4 |    19 |    30 ||    53

Table legend: (Time is in decaauts)
 A = Elapsed time spent in this place.
 B = Non-inter-level travel time spent in this place.
 C = Inter-level travel time spent in this place.
 D = Time resting spent in this place.
 E = Time spent auto-exploring this place.
 F = Levels seen in this place.
 G = Mean time per level.
                   A        B        C        D        E       F      G
               +--------+--------+--------+--------+--------+-----+--------+
         Total |   9516 |   9178 |    338 |   3050 |   4742 |   9 | 1057.3 |
       Dungeon |   9346 |   9008 |    338 |   3050 |   4742 |   7 | 1335.1 |
         Abyss |    170 |    170 |      0 |      0 |      0 |   2 |   85.0 |
               +--------+--------+--------+--------+--------+-----+--------+

Top non-repeatable levels by time:
     D:5: 2535 daAuts
     D:4: 1760 daAuts
     D:1: 1549 daAuts
     D:6: 1462 daAuts
     D:2: 1188 daAuts
     D:3: 828 daAuts
 Abyss:1: 167 daAuts
     D:7: 22 daAuts
 Abyss:2: 2 daAuts
